AoeStats
← plutoniumdrache

Arabia

509596349Analyzed
1v1 RM · 3d ago on Sep 27, 2026· 28m 51s· 2 players
Game mode
Random Map
Map size
Tiny (2 player)
Population
200
Speed
Normal
Resources
Standard
Victory
Conquest
Starting age
Dark Age
Ending age
Imperial Age
RankedLock teamsTeams togetherTeam positionsShared explorationLock speedFull tech treeHidden civsTurbo modeCheats
Victory
Defeat
🇨🇳 Vietnamese · China
1154
+30
🇩🇪 Romans · Germany
1099
-13
plutoniumdrache
7:26 Loom
11:04 Feudal Age
11:23 Man-at-Arms
11:51 Double-Bit Axe
11:50 Horse Collar
19:38 Fletching
22:41 Scale Mail Armor
27:09 Castle Age
25:54 Gold Mining
26:42 Forging
27:14 Elite Skirmisher
28:24 Bodkin Arrow
28:55 Chain Mail Armor
qw75985
6:22 Loom
8:31 Feudal Age
8:58 Man-at-Arms
12:12 Fletching
16:38 Double-Bit Axe
17:54 Horse Collar
19:44 Scale Barding Armor
21:34 Forging
25:00 Castle Age
23:40 Gold Mining
24:10 Bloodlines
25:14 Light Cavalry
26:10 Bow Saw
26:15 Bodkin Arrow
26:37 Crossbowman
28:32 Padded Archer Armor
Connection lost

Rejoining the realm…

Still unreachable

The connection could not be restored.

Session expired

The server has moved on; the page needs a fresh start.